 Dungeon Crawl Stone Soup version 0.18.1-50-g88ac8fd (webtiles) character file.

149 Amnesiac the Covered (level 5, 0/31 HPs)
             Began as a Deep Elf Fighter on Mar 2, 2018.
             Succumbed to a kobold's poison
             ... on level 3 of the Dungeon.
             The game lasted 00:05:17 (2552 turns).

Amnesiac the Covered (Deep Elf Fighter)             Turns: 2552, Time: 00:05:18

Health: 0/31       AC:  7    Str: 14    XL:     5   Next: 9%
Magic:  7/7        EV:  8    Int: 13    God:
Gold:   53         SH:  8    Dex: 14    Spells: 0 memorised, 4 levels left

rFire  . . .     SeeInvis .     a - +0 rapier
rCold  . . .     Gourm    .     b - +0 scale mail
rNeg   . . .     Faith    .     c - +0 shield
rPois  .         Spirit   .     (no helmet)
rElec  .         Dismiss  .     (no cloak)
rCorr  .         Reflect  .     (no gloves)
SustAt .         Harm     .     (no boots)
MR     .....                    (no amulet)
Stlth  ..........               (no ring)
                                (no ring)

@: lethally poisoned (0 -> -4), not resistant to hostile enchantments, extremely
unstealthy
A: no striking features
a: no special abilities


You were on level 3 of the Dungeon.
You were hungry.

You visited 1 branch of the dungeon, and saw 5 of its levels.

You collected 53 gold pieces.

Inventory:

Hand Weapons
 a - a +0 rapier (weapon)
 d - a cursed +0 hand crossbow
Armour
 b - a +0 scale mail (worn)
 c - a +0 shield (worn)
Comestibles
 f - 2 bread rations
 g - a meat ration
 h - 3 fruits
 i - a beef jerky
 j - 2 chunks of flesh


   Skills:
 + Level 2.4 Fighting
 - Level 2.0 Short Blades
 - Level 3.9 Armour
 - Level 3.7 Dodging
 - Level 2.4 Shields


You had 4 spell levels left.
You didn't know any spells.

Dungeon Overview and Level Annotations

Branches:
Dungeon (5/15)
 Temple: D:4-7

Altars:
Ashenzari

Annotations:
D:4 Eustachio


Message History

You see here a poisoned needle.
You feel sick.
You hit the kobold but do no damage.
You feel very sick.
The kobold unwields an uncursed blowgun.
The kobold wields an uncursed club.
The kobold closely misses you.
You closely miss the kobold.
You feel sick. You block the kobold's attack.
You aren't carrying any potions.
Your scale mail prevents you from hitting the kobold.
You feel sick. You block the kobold's attack. The kobold misses you.
The kobold hits you but does no damage.
You miss the kobold.
You feel sick. You block the kobold's attack.
The kobold hits you but does no damage.
You closely miss the kobold.
You feel sick.
The kobold hits you with an uncursed club.
* * * LOW HITPOINT WARNING * * *
The kobold hits you with a short sword.
* * * LOW HITPOINT WARNING * * *
Unknown command.
You are feeling hungry.
You hit the kobold.
You kill the kobold!
* * * LOW HITPOINT WARNING * * *
You feel sick. You block the kobold's attack.
You hit the kobold.
You kill the kobold!
* * * LOW HITPOINT WARNING * * *
You feel sick.
* * * LOW HITPOINT WARNING * * *
You feel sick.
Things that are here:
a short sword; a kobold corpse You aren't carrying any potions.
* * * LOW HITPOINT WARNING * * *
You feel sick.
* * * LOW HITPOINT WARNING * * *
You feel sick.
* * * LOW HITPOINT WARNING * * *
You feel sick.
* * * LOW HITPOINT WARNING * * *
You feel sick.
* * * LOW HITPOINT WARNING * * *
You feel sick.
* * * LOW HITPOINT WARNING * * *
You feel sick.
* * * LOW HITPOINT WARNING * * *
You feel sick.
* * * LOW HITPOINT WARNING * * *
You feel sick.
* * * LOW HITPOINT WARNING * * *
You feel sick.
* * * LOW HITPOINT WARNING * * *
You feel sick.
You open the door.
There is an open door here.
You aren't carrying any spellbooks or scrolls.
What do you say? t - Shout!
Orders for allies: a - Attack new target. r - Retreat! s - Stop attacking. w - Wait here. f - Follow me.
Anything else - Stay silent.
You shout for attention!
You die...

. #.K....#
#.#######'###
...........# #######
##........# #.....#
#........#
#.###.######...(....#
#.# #........)(.....#
#.###......).(......#
#...@.............###
#####......%...####
#.........$#
#.........##
#.........#
###########


There were no monsters in sight!

Vanquished Creatures
  A hound (D:4)
  A giant frog skeleton (D:4)
  A worker ant (D:4)
  An adder (D:4)
  3 dart slugs (D:2)
  A giant gecko (D:3)
  11 orcs
  A ball python (D:4)
  3 bats
  A giant cockroach (D:3)
  A goblin (D:3)
  4 hobgoblins
  5 jackals
  4 kobolds
  A rat (D:2)
39 creatures vanquished.

Notes
Turn   | Place    | Note
--------------------------------------------------------------
     0 | D:1      | Amnesiac the Deep Elf Fighter began the quest for the Orb.
     0 | D:1      | Reached XP level 1. HP: 13/13 MP: 3/3
    62 | D:2      | Reached skill level 1 in Dodging
   136 | D:2      | Reached XP level 2. HP: 14/18 MP: 4/4
   803 | D:4      | Reached XP level 3. HP: 22/22 MP: 5/5
  1133 | D:4      | Reached XP level 4. HP: 23/27 MP: 6/6
  1161 | D:4      | Noticed Eustachio
  1189 | D:4      | Found a shattered altar of Ashenzari.
  1210 | D:5      | Entered Level 5 of the Dungeon
  1260 | D:4      | HP: 1/27 [orc (2)]
  1321 | D:3      | HP: 1/27 [orc/flail (1)]
  2374 | D:4      | Reached XP level 5. HP: 17/31 MP: 7/7
  2549 | D:3      | HP: 1/31 [poisoned by a kobold]
  2552 | D:3      | Succumbed to a kobold's poison

Skill      XL: |  1  2  3 |
---------------+----------+-----
Dodging        | 2 3 |  3.7
Armour         | 3 |  3.9
Fighting       | |  2.4
Short Blades   | |  2.0
Shields        | |  2.4

Action                   |  1- 3 |  4- 6 || total
-------------------------+-------+-------++-------
Melee: Rapier            |    94 |   125 ||   219
  Use: Scroll            |     2 |       ||     2
       Potion            |     1 |     2 ||     3
  Eat: Chunk             |     1 |     4 ||     5
Armor: Scale mail        |    38 |    74 ||   112
Dodge: Dodged            |    33 |    69 ||   102
Block: Shield            |    46 |    91 ||   137
